[Event "Titled Tuesday Blitz July 13 2021"]
[White "Orozbaev, Eldiar"]
[Black "parintele_chess"]
[WhiteFideId "13802240"]
[WhiteElo "1911"]
[BlackElo "2182"]
[Result "1-0"]
[Round "02"]
[TimeControl "180+1"]
[Date "2021.07.13"]
[WhiteClock "0:01:03"]
[BlackClock "0:00:09"]

1. e4 c6 2. Nc3 d5 3. Nf3 g6 4. d4 Bg7 5. Bd3 dxe4 6. Nxe4 Nf6 7. c3 O-O 8. Bf4 Nxe4 9. Bxe4 Bf5 10. Bxf5 gxf5 11. Qd2 Nd7 12. Bh6 e6 13. O-O-O Bxh6 14. Qxh6 Qf6 15. Qf4 b5 16. h4 a5 17. h5 a4 18. h6 a3 19. b3 b4 20. c4 c5 21. Rh3 Kh8 22. Rg3 Rg8 23. Ne5 Nxe5 24. Qxe5 Qxe5 25. dxe5 Rgd8 26. Rg7 Rxd1+ 27. Kxd1 Rg8 28. Rxf7 Rxg2 29. Re7 Kg8 30. Ke2 Rg6 31. Rc7 Rxh6 32. Rxc5 Rh1 33. Rb5 Ra1 34. Rxb4 Rxa2+ 35. Kf3 Rb2 36. Kf4 a2 37. Ra4 Rxf2+ 38. Kg5 Rb2 39. Kf6 h5 40. c5 Rxb3 41. Rxa2 Rc3 42. Ra8+ Kh7 43. Ra7+ Kh6 44. Rc7 h4 45. Rc8 Kh5 46. Kxe6 Kg4 47. Kd6 f4 48. e6 Rd3+ 49. Kc7 Re3 50. Kd7 f3 51. Rg8+ Kh3 52. e7 f2 53. Rf8 Kg2 54. c6 h3 55. c7 h2 56. c8=Q h1=Q 57. Qc6+ Kg1 58. Qxh1+ Kxh1 59. Rxf2 1-0


[Site "https://www.chess.com"]

[Event "Titled Tuesday Blitz July 13 2021"]
[White "Ozen, Bahadir"]
[Black "Storme, Isak"]
[WhiteFideId "6337058"]
[BlackFideId "1728113"]
[WhiteElo "2503"]
[BlackElo "2037"]
[Result "1-0"]
[Round "02"]
[TimeControl "180+1"]
[Date "2021.07.13"]
[WhiteClock "0:01:57"]
[BlackClock "0:01:46"]

1. Nf3 d5 2. b3 Nf6 3. Bb2 c5 4. e3 Nc6 5. Bb5 Qb6 6. c4 a6 7. cxd5 axb5 8. dxc6 bxc6 9. O-O Bg4 10. d4 e6 11. Nbd2 Be7 12. dxc5 Bxc5 13. Qc2 Be7 14. Ne5 c5 15. Nxg4 Nxg4 16. Qe4 Nf6 17. Qxa8+ 1-0


[Site "https://www.chess.com"]

[Event "Titled Tuesday Blitz July 13 2021"]
[White "Papasimakopoulos, Alexandros"]
[Black "Markidis, Konstantinos"]
[WhiteFideId "4244125"]
[BlackFideId "4203500"]
[WhiteElo "2352"]
[BlackElo "2304"]
[Result "0-1"]
[Round "02"]
[TimeControl "180+1"]
[Date "2021.07.13"]
[WhiteClock "0:00:34"]
[BlackClock "0:00:16"]

1. d4 Nf6 2. c4 e6 3. Nc3 Bb4 4. Qc2 O-O 5. a3 Bxc3+ 6. Qxc3 d6 7. f3 e5 8. d5 a5 9. b3 Na6 10. e4 Nc5 11. Be3 b6 12. Ne2 Bd7 13. a4 Ne8 14. g4 c6 15. dxc6 Bxc6 16. Bg2 Nc7 17. h4 N7e6 18. Rd1 Qc7 19. Bh3 Na6 20. Ng3 Nb4 21. Nf5 Rad8 22. g5 Nc5 23. h5 Nxe4 24. fxe4 Bxe4 25. O-O Ba8 26. Rd2 d5 27. Bf4 d4 28. Nxd4 Qb7 29. Bg2 exd4 30. Bxb7 dxc3 31. Rxd8 Rxd8 32. Bxa8 Rxa8 33. Rc1 c2 34. Kf2 Rd8 35. Ke2 Nd3 36. Rxc2 Nxf4+ 37. Kf3 Ne6 38. g6 Nd4+ 39. Ke4 0-1


[Site "https://www.chess.com"]

[Event "Titled Tuesday Blitz July 13 2021"]
[White "Paravyan, David"]
[Black "Tomiello, Lucas Costamilan"]
[WhiteFideId "4194985"]
[BlackFideId "22701940"]
[WhiteElo "2562"]
[BlackElo "1945"]
[Result "1/2-1/2"]
[Round "02"]
[TimeControl "180+1"]
[Date "2021.07.13"]
[WhiteClock "0:00:04"]
[BlackClock "0:00:07"]

1. Nf3 Nf6 2. e3 d5 3. b3 g6 4. Bb2 Bg7 5. c4 c5 6. cxd5 Qxd5 7. Bc4 Qh5 8. Nc3 O-O 9. Ne2 Nc6 10. Nf4 Qh6 11. O-O g5 12. Nd5 Nxd5 13. Bxg7 Qxg7 14. Bxd5 Rd8 15. Bxc6 bxc6 16. Rc1 g4 17. Ne1 Rd5 18. d3 Rh5 19. Rc4 Be6 20. Re4 Qh6 21. Rxg4+ Bxg4 22. Qxg4+ Rg5 23. Qf4 Qg6 24. g3 Rd8 25. Nf3 Rf5 26. Nh4 Rxf4 27. Nxg6 hxg6 28. gxf4 Rxd3 29. Rc1 Rd2 30. Rxc5 Rxa2 31. Rxc6 Rb2 32. Rc3 e6 33. h4 Kg7 34. Kg2 Kf6 35. Kf3 a5 36. e4 Kg7 37. Kg3 Kf6 38. f3 Rb1 39. Rd3 Rg1+ 40. Kh2 Rb1 41. Kg2 Rb2+ 42. Kg3 Rb1 43. Rc3 Rg1+ 44. Kh2 Rb1 45. Kg2 Rb2+ 46. Kg3 Rb1 47. Rc5 Rxb3 48. Rxa5 Rb1 49. h5 gxh5 50. Rxh5 Rg1+ 51. Kf2 Rb1 52. Rg5 Rb2+ 53. Kg3 Rb1 54. Rh5 Rg1+ 55. Kf2 Rb1 56. f5 Rb2+ 57. Kg3 e5 58. Rh8 Ke7 59. Ra8 Kf6 60. Kg4 Rg2+ 61. Kh3 Rg7 62. Ra1 Rh7+ 63. Kg2 Rg7+ 64. Kf2 Rh7 65. Ke3 Rh4 66. Ra6+ Kg7 67. Rd6 Rh1 68. Rd5 Kf6 69. Kf2 Rh2+ 70. Kg3 Rh1 71. Kg2 Rh8 72. Kf2 Ra8 73. Kg3 Rg8+ 74. Kf2 Ra8 75. Rc5 Ra2+ 76. Kg3 Ra1 77. f4 Ra3+ 78. Kg4 exf4 79. Kxf4 Ra1 80. e5+ Kg7 81. Rc7 Rf1+ 82. Ke4 Re1+ 83. Kd5 Rd1+ 84. Kc6 Rf1 85. e6 Rxf5 86. e7 Re5 87. Kd7 f5 88. Kd6 Kf6 89. Ra7 Re6+ 90. Kd5 Rxe7 91. Rxe7 Kxe7 92. Ke5 f4 93. Kxf4 1/2-1/2


[Site "https://www.chess.com"]

[Event "Titled Tuesday Blitz July 13 2021"]
[White "Patrascu, Catalin-Lucian"]
[Black "Zubritskiy, Artyom"]
[WhiteFideId "1229052"]
[BlackFideId "4181247"]
[WhiteElo "2120"]
[BlackElo "2559"]
[Result "0-1"]
[Round "02"]
[TimeControl "180+1"]
[Date "2021.07.13"]
[WhiteClock "0:00:01"]
[BlackClock "0:00:21"]

1. e4 c5 2. Nf3 d6 3. Bb5+ Bd7 4. Bxd7+ Qxd7 5. c4 g6 6. d4 cxd4 7. Nxd4 Bg7 8. Nc3 Nc6 9. Be3 Nf6 10. f3 O-O 11. O-O Rac8 12. Rc1 Nxd4 13. Qxd4 Ng4 14. Qxa7 Nxe3 15. Qxe3 Rxc4 16. Nd5 Bd4 17. Rxc4 Bxe3+ 18. Nxe3 Qb5 19. b3 Qb6 20. Re1 Ra8 21. Rc2 Qd4 22. Kf2 f5 23. Rd1 Qb6 24. Ke2 fxe4 25. fxe4 Rf8 26. Rf1 Qa6+ 27. Ke1 Qd3 28. Rxf8+ Kxf8 29. Re2 Qxe4 30. Kf2 Qd4 31. Ke1 b5 32. Nc2 Qb2 33. a4 Qxb3 34. a5 Qc3+ 0-1


[Site "https://www.chess.com"]

[Event "Titled Tuesday Blitz July 13 2021"]
[White "Pelopidass"]
[Black "Timofeev, Artyom"]
[BlackFideId "4140419"]
[WhiteElo "2535"]
[BlackElo "2582"]
[Result "1-0"]
[Round "02"]
[TimeControl "180+1"]
[Date "2021.07.13"]
[WhiteClock "0:00:08"]
[BlackClock "0:00:18"]

1. d4 Nf6 2. Nf3 g6 3. g3 b6 4. Bg2 Bb7 5. O-O Bg7 6. c4 O-O 7. Nc3 Ne4 8. Qc2 Nxc3 9. Qxc3 Nc6 10. Rd1 d6 11. Qc2 Qc8 12. e4 e5 13. d5 Nd4 14. Nxd4 exd4 15. Bf4 Qd7 16. h4 c5 17. dxc6 Bxc6 18. Qd3 Rfe8 19. Re1 b5 20. Rac1 bxc4 21. Qxc4 Rac8 22. Qb4 Be5 23. Bd2 Rb8 24. Qa3 Qb7 25. b3 d3 26. b4 Bb5 27. Qb3 Qa6 28. Bh3 Ba4 29. Qd5 Bc2 30. Bd7 Red8 31. Bc6 Bb2 32. b5 Qa3 33. Bg5 Rdc8 34. h5 Qc5 35. hxg6 hxg6 36. Kg2 Qxd5 37. exd5 f6 38. Bd2 Kf7 39. Rh1 Rh8 40. Rxh8 Rxh8 41. Re1 g5 42. Re4 Bc1 43. Bxc1 d2 44. Bxd2 Bxe4+ 45. f3 Bd3 46. Be3 a6 47. b6 g4 48. b7 Be2 49. fxg4 Bxg4 50. Ba7 Be2 51. b8=Q Rxb8 52. Bxb8 Ke7 53. Ba7 Bc4 54. a3 Bb3 55. Bd4 f5 56. Kf3 Bc4 57. Kf4 Bd3 58. Bb7 Kf7 59. a4 Kg6 60. a5 Kf7 61. Bb6 Ke7 62. Bc6 Kf7 63. Ba4 Ke7 64. Bd1 Kf6 65. Bc7 Ke7 66. Bh5 Kd7 67. Bb6 Ke7 68. Bg6 Kf6 69. Bh7 Bc4 70. Bxf5 Bxd5 71. Bd3 Bb7 72. g4 d5 73. g5+ Ke6 74. Bd4 Kf7 75. g6+ Kg8 76. Ke5 Bc8 77. Kd6 Bf5 78. Bxf5 Kf8 79. Be6 Ke8 80. g7 1-0


[Site "https://www.chess.com"]

[Event "Titled Tuesday Blitz July 13 2021"]
[White "Peralta, Eduardo"]
[Black "Yoo, Christopher Woojin"]
[WhiteFideId "3700062"]
[BlackFideId "30909694"]
[WhiteElo "2205"]
[BlackElo "2105"]
[Result "0-1"]
[Round "02"]
[TimeControl "180+1"]
[Date "2021.07.13"]
[WhiteClock "0:00:01"]
[BlackClock "0:00:25"]

1. d4 Nf6 2. c4 e6 3. Nc3 Bb4 4. e3 O-O 5. Bd3 c5 6. Nf3 d5 7. O-O Nc6 8. a3 Ba5 9. Na4 cxd4 10. exd4 dxc4 11. Bxc4 h6 12. b4 Bc7 13. Bb2 b6 14. Re1 Bb7 15. Nc3 Ne7 16. Ba2 Rc8 17. Qd3 Ned5 18. Ne2 Qd7 19. Ne5 Qd6 20. Rad1 Rfd8 21. Bb1 Ne7 22. Nf4 Nf5 23. Qh3 Nd5 24. Nxd5 Bxd5 25. g4 Ne7 26. g5 Nf5 27. Bxf5 exf5 28. Qxf5 hxg5 29. Rd3 Qf6 30. Qg4 Be6 31. Qg3 Qh6 32. Qe3 f6 33. d5 Bf5 34. Rd4 Bxe5 0-1


[Site "https://www.chess.com"]

[Event "Titled Tuesday Blitz July 13 2021"]
[White "Pert, Richard G"]
[Black "Tong, Hai Anh"]
[WhiteFideId "404748"]
[BlackFideId "12412805"]
[WhiteElo "2441"]
[BlackElo "1467"]
[Result "1-0"]
[Round "02"]
[TimeControl "180+1"]
[Date "2021.07.13"]
[WhiteClock "0:00:02"]
[BlackClock "0:00:01"]

1. d4 d5 2. c4 Nf6 3. cxd5 Nxd5 4. e4 Nb6 5. Nc3 e6 6. Nf3 c5 7. Be3 cxd4 8. Nxd4 Nc6 9. Nxc6 Qxd1+ 10. Rxd1 bxc6 11. Be2 Be7 12. O-O O-O 13. f4 Bb7 14. a4 Rfd8 15. a5 Nd7 16. e5 Rab8 17. Ne4 c5 18. Nd6 Bd5 19. Bc4 Bxd6 20. Bxd5 exd5 21. exd6 d4 22. Bf2 Nf6 23. Rc1 Rxd6 24. Rxc5 Ne4 25. Rc7 a6 26. Rd1 Nxf2 27. Kxf2 Rxb2+ 28. Kf3 g6 29. Rc5 Rb3+ 30. Kf2 d3 31. g4 Rb2+ 32. Ke3 Rxh2 33. f5 gxf5 34. gxf5 Kg7 35. Ke4 Kf6 36. Rc8 Rh4+ 37. Ke3 Kxf5 38. Rf1+ Ke6 39. Re8+ Kd7 40. Re5 d2 41. Rd1 Rh3+ 42. Ke2 Re6 43. Rxd2+ Ke7 44. Rxe6+ Kxe6 45. Rd4 f5 46. Rb4 Ke5 47. Rb6 Ke4 48. Re6+ Kf4 49. Rxa6 Rh2+ 50. Ke1 Kf3 51. Rb6 f4 52. Rb3+ Ke4 53. Ra3 f3 54. a6 h5 55. a7 Rh1+ 56. Kf2 Rh2+ 57. Kg1 Rg2+ 58. Kf1 1-0


[Site "https://www.chess.com"]

[Event "Titled Tuesday Blitz July 13 2021"]
[White "Piesik, Piotr"]
[Black "Bortnyk, Olexandr"]
[WhiteFideId "1136194"]
[BlackFideId "14120828"]
[WhiteElo "2354"]
[BlackElo "2723"]
[Result "0-1"]
[Round "02"]
[TimeControl "180+1"]
[Date "2021.07.13"]
[WhiteClock "0:00:01"]
[BlackClock "0:00:03"]

1. Nf3 Nf6 2. g3 g6 3. Bg2 Bg7 4. O-O O-O 5. d4 d6 6. Nbd2 c6 7. e4 Qc7 8. Qe2 e5 9. dxe5 dxe5 10. a4 Na6 11. b3 Re8 12. Bb2 Bg4 13. Nc4 Rad8 14. Rfd1 Nc5 15. h3 Bxf3 16. Bxf3 Rxd1+ 17. Rxd1 h5 18. h4 b6 19. Bg2 Nfd7 20. Bh3 Ne6 21. Bxe6 Rxe6 22. Qd3 Nc5 23. Qd8+ Qxd8 24. Rxd8+ Kh7 25. f3 b5 26. axb5 cxb5 27. Nd6 Bf6 28. Rc8 Nd3 29. cxd3 Rxd6 30. Rc7 Kg8 31. d4 exd4 32. f4 d3 33. Bxf6 Rxf6 34. Rd7 Re6 35. e5 f6 36. exf6 a6 37. f7+ Kf8 38. Kf2 Re2+ 39. Kf3 Rb2 40. Rxd3 Kxf7 41. f5 gxf5 42. Kf4 Ke6 43. Kg5 a5 44. Kxh5 Kf6 45. Rf3 Rg2 46. Kh6 b4 47. Re3 Rc2 48. h5 Rc3 49. Re8 Rxg3 50. Ra8 Rxb3 51. Rxa5 f4 52. Ra6+ Kf5 53. Kg7 Rg3+ 54. Kf7 f3 55. h6 Rh3 56. Kg7 b3 57. Rb6 Rg3+ 58. Kf7 Rh3 59. Kg7 Rxh6 60. Rxh6 b2 61. Rh1 f2 62. Rf1 Ke4 63. Kg6 Kf3 64. Rb1 Ke3 0-1


[Site "https://www.chess.com"]

[Event "Titled Tuesday Blitz July 13 2021"]
[White "Popilski, Gil"]
[Black "Salik, Serkan"]
[WhiteFideId "2809060"]
[BlackFideId "30952492"]
[WhiteElo "2537"]
[BlackElo "2437"]
[Result "1-0"]
[Round "02"]
[TimeControl "180+1"]
[Date "2021.07.13"]
[WhiteClock "0:00:13"]
[BlackClock "0:00:02"]

1. e4 e5 2. Nc3 Nf6 3. f4 d5 4. fxe5 Nxe4 5. Qf3 Nxc3 6. dxc3 Nc6 7. Qg3 Be6 8. Nf3 h6 9. Bb5 a6 10. Bxc6+ bxc6 11. Nd4 Qd7 12. Be3 c5 13. Nxe6 Qxe6 14. O-O-O d4 15. cxd4 Qxa2 16. Qf3 Rd8 17. Qc6+ Rd7 18. Rhe1 cxd4 19. Rxd4 Qa1+ 20. Kd2 Qa5+ 21. Kd3 Qb5+ 22. Qxb5 axb5 23. Ra1 Rxd4+ 24. Bxd4 Kd7 25. Ra8 Kc6 26. b4 Kb7 27. Rd8 1-0


[Site "https://www.chess.com"]

[Event "Titled Tuesday Blitz July 13 2021"]
[White "Pourkashiyan, Atousa"]
[Black "Wagner, Dennis"]
[WhiteFideId "12502014"]
[BlackFideId "24650684"]
[WhiteElo "2285"]
[BlackElo "2355"]
[Result "0-1"]
[Round "02"]
[TimeControl "180+1"]
[Date "2021.07.13"]
[WhiteClock "0:00:02"]
[BlackClock "0:00:17"]

1. e4 c5 2. Nf3 d6 3. d4 cxd4 4. Nxd4 Nf6 5. Nc3 a6 6. Be2 e5 7. Nb3 Be7 8. O-O O-O 9. Be3 Be6 10. Qd3 Nbd7 11. a4 Qc7 12. Rfd1 Rac8 13. a5 Qc6 14. f3 h6 15. Bf1 Rfd8 16. Rac1 Nc5 17. Nxc5 dxc5 18. Qe2 c4 19. Qf2 Bb4 20. Bb6 Rd7 21. Na2 Bc5 22. Bxc5 Qxc5 23. Qxc5 Rxc5 24. Rxd7 Nxd7 25. Rd1 Rxa5 26. Nc3 b5 27. Nd5 Kf8 28. Ne3 Ra2 29. Rb1 Nc5 30. Kf2 Na4 31. Nd1 c3 32. bxc3 Rxc2+ 33. Ke3 Nxc3 34. Nxc3 Rxc3+ 35. Kd2 Rc6 36. Ra1 Ke7 37. Ke3 f6 38. Bd3 Kd6 39. g3 Kc7 40. f4 Kb6 41. fxe5 fxe5 42. Rf1 a5 43. Rf8 Rc8 44. Rf1 b4 45. Rb1 Rc3 46. Kd2 Kc5 47. Rf1 Kd4 48. Be2 b3 49. Rf8 Rc2+ 50. Kd1 a4 51. Ra8 Ke3 52. Bh5 Rd2+ 53. Ke1 Ra2 0-1


[Site "https://www.chess.com"]

[Event "Titled Tuesday Blitz July 13 2021"]
[White "Prraneeth Vuppala"]
[Black "Vasquez Schroeder, Rodrigo"]
[WhiteFideId "46622373"]
[BlackFideId "3400042"]
[WhiteElo "1759"]
[BlackElo "2572"]
[Result "1-0"]
[Round "02"]
[TimeControl "180+1"]
[Date "2021.07.13"]
[WhiteClock "0:00:26"]
[BlackClock "0:00:14"]

1. e4 e5 2. Nf3 Nc6 3. Bc4 Bc5 4. c3 Nf6 5. d4 exd4 6. e5 d5 7. Bb5 Ne4 8. cxd4 Bb6 9. Nc3 Nxc3 10. bxc3 O-O 11. O-O Bg4 12. h3 Bh5 13. Be2 f6 14. Ba3 Re8 15. Re1 fxe5 16. Nxe5 Bxe2 17. Qxe2 Nxe5 18. dxe5 Qh4 19. e6 Qf6 20. Rad1 c6 21. Rd3 Qg6 22. Rf3 c5 23. e7 Rac8 24. Qe5 Qc6 25. Qf5 h6 26. Qf7+ Kh8 27. Re6 Qd7 28. Rff6 Rxe7 29. Rxh6+ gxh6 30. Rxh6# 1-0


[Site "https://www.chess.com"]

[Event "Titled Tuesday Blitz July 13 2021"]
[White "Przybylski, Wojciech"]
[Black "Wong, Yinn Long"]
[WhiteFideId "1117599"]
[BlackFideId "5707684"]
[WhiteElo "2317"]
[BlackElo "2016"]
[Result "0-1"]
[Round "02"]
[TimeControl "180+1"]
[Date "2021.07.13"]
[WhiteClock "0:00:03"]
[BlackClock "0:00:13"]

1. e4 c6 2. Nc3 d5 3. Nf3 dxe4 4. Nxe4 Nf6 5. Nxf6+ exf6 6. h3 Bd6 7. Bc4 O-O 8. O-O Nd7 9. d4 Re8 10. c3 Nf8 11. Qb3 Qc7 12. Bd2 Bf5 13. Be3 Rad8 14. Rfe1 b5 15. Bf1 Ng6 16. a4 Be6 17. Qc2 b4 18. c4 c5 19. d5 Bc8 20. a5 a6 21. Bd3 Re7 22. Bf5 Rde8 23. Kf1 Bd7 24. b3 Qc8 25. Bxd7 Qxd7 26. Bd2 Ne5 27. Nh4 Ng6 28. Nf5 Rxe1+ 29. Rxe1 Rxe1+ 30. Bxe1 Bc7 31. Qe4 Bxa5 32. d6 Ne5 33. Qa8+ Bd8 34. Qxa6 g6 35. Ne3 Nc6 36. Nd5 Qxd6 37. Bd2 Kg7 38. Bf4 Qe6 39. Qa1 Nd4 40. Qb2 Qe4 41. Be3 Qd3+ 42. Kg1 Nxb3 43. g4 Nd4 44. g5 fxg5 45. Nxb4 Qd1+ 46. Kg2 Bf6 47. Bxd4 Bxd4 48. Qc2 Qxc2 49. Nxc2 Bc3 50. Ne3 f5 51. Nd5 Bd4 52. f3 h5 53. Kf1 Kf7 54. Ke2 Ke6 55. Kd3 Bg1 56. Ke2 Ke5 57. Kd3 Bd4 58. Ne7 Kf4 59. Ke2 Kg3 60. Nxg6 Kxh3 61. Ne7 f4 62. Nf5 Be5 63. Kf2 g4 64. fxg4 hxg4 65. Ke2 g3 66. Kf3 g2 67. Ke4 g1=Q 68. Kxe5 f3 69. Nd6 Qd4+ 70. Ke6 f2 71. Nf5 Qxc4+ 72. Ke5 f1=Q 73. Ne3 Qce2 74. Kd5 Qxe3 75. Kc6 c4 76. Kb7 c3 77. Ka8 c2 78. Kb7 c1=Q 79. Ka8 Qa6+ 80. Kb8 Qe8# 0-1


[Site "https://www.chess.com"]

[Event "Titled Tuesday Blitz July 13 2021"]
[White "Quizon, Daniel"]
[Black "Pastar, Slaven"]
[WhiteFideId "5217911"]
[BlackFideId "14402718"]
[WhiteElo "2329"]
[BlackElo "2150"]
[Result "1-0"]
[Round "02"]
[TimeControl "180+1"]
[Date "2021.07.13"]
[WhiteClock "0:00:32"]
[BlackClock "0:00:08"]

1. e4 b6 2. d4 Bb7 3. Nc3 e6 4. a3 d5 5. exd5 exd5 6. Nf3 Nf6 7. Bb5+ c6 8. Bd3 Bd6 9. O-O O-O 10. Bg5 h6 11. Bh4 Nbd7 12. Re1 Re8 13. Qd2 Rxe1+ 14. Rxe1 Qf8 15. Ne5 Re8 16. Bg3 a6 17. Bf5 Bxe5 18. dxe5 Qe7 19. f4 Nh7 20. Qd3 Nhf8 21. Bf2 Ne6 22. g3 Rd8 23. Bg4 Nec5 24. Qe2 Nf8 25. f5 d4 26. Nb1 d3 27. cxd3 Nxd3 28. Rf1 Nxf2 29. Rxf2 Re8 30. e6 fxe6 31. fxe6 Nxe6 32. Bh5 Rf8 33. Bg4 Rxf2 34. Bxe6+ Rf7 35. Nc3 c5 36. h4 Kf8 37. Bxf7 Qxe2 38. Nxe2 Kxf7 39. Kf2 g5 40. Ke3 gxh4 41. gxh4 Kf6 42. Kf4 b5 43. Nc3 b4 44. Nd1 a5 45. Ne3 Ba6 46. Ng4+ Kg6 47. Ne5+ Kh5 48. Kg3 c4 49. axb4 axb4 50. Nc6 c3 51. bxc3 bxc3 52. Nd4 Bd3 53. Ne6 Kg6 54. Nf4+ Kf5 55. Nxd3 c2 56. Kf3 h5 57. Nc1 Ke5 58. Ne2 Kf5 59. Kg3 Ke4 60. Nc1 Ke3 61. Nb3 Kd3 62. Kf4 Kc3 63. Nc1 Kd2 64. Na2 Kd3 65. Kg5 Ke4 66. Kxh5 Kf5 67. Nc1 Kf6 68. Kh6 Kf7 69. h5 Kg8 70. Kg6 Kh8 71. h6 Kg8 72. Nd3 Kh8 73. Ne5 c1=Q 74. Nf7+ Kg8 75. h7+ Kf8 76. h8=Q+ Ke7 77. Qd8+ Ke6 78. Qd6# 1-0


[Site "https://www.chess.com"]

[Event "Titled Tuesday Blitz July 13 2021"]
[White "Quparadze, Giga"]
[Black "Stoyanov, Tsvetan"]
[WhiteFideId "13602250"]
[BlackFideId "2917173"]
[WhiteElo "2658"]
[BlackElo "2198"]
[Result "1-0"]
[Round "02"]
[TimeControl "180+1"]
[Date "2021.07.13"]
[WhiteClock "0:02:22"]
[BlackClock "0:00:57"]

1. e4 c5 2. Nf3 d6 3. g3 g6 4. Bg2 Bg7 5. O-O Nc6 6. c3 e5 7. Re1 Nge7 8. Na3 O-O 9. Nc4 Be6 10. d3 b5 11. Ne3 h6 12. Nc2 Rc8 13. h3 f5 14. exf5 gxf5 15. Nh4 d5 16. Be3 d4 17. cxd4 cxd4 18. Bd2 Bd5 19. Nb4 Bxg2 20. Nxg2 Kh7 21. Rc1 Nxb4 22. Bxb4 Rxc1 23. Qxc1 Re8 24. Bxe7 Qxe7 25. Qc6 Qe6 26. Qxb5 Rc8 27. Nf4 Qxa2 28. Qd7 Rf8 29. Ne6 Rg8 30. Nxg7 Rxg7 31. Qxf5+ Kh8 32. Rxe5 Qg8 33. Qf4 Kh7 34. Qe4+ Kh8 35. Qxd4 1-0


[Site "https://www.chess.com"]

[Event "Titled Tuesday Blitz July 13 2021"]
[White "Rodriguez, Santiago"]
[Black "Sellitti, Federico"]
[WhiteFideId "3000591"]
[BlackFideId "821829"]
[WhiteElo "2256"]
[BlackElo "2617"]
[Result "1-0"]
[Round "02"]
[TimeControl "180+1"]
[Date "2021.07.13"]
[WhiteClock "0:00:54"]
[BlackClock "0:00:19"]

1. d4 d5 2. Bf4 c5 3. e3 cxd4 4. exd4 Nc6 5. c3 Nf6 6. Bd3 Bg4 7. Qb3 Qb6 8. Qxb6 axb6 9. Nd2 e6 10. Ngf3 Be7 11. h3 Bh5 12. O-O Bg6 13. Bb5 O-O 14. Rfe1 Ra5 15. a4 Raa8 16. Ne5 Rac8 17. Bg5 Na5 18. Bxf6 Bxf6 19. Nd7 Nc4 20. Nxc4 dxc4 21. Nxf8 Kxf8 22. a5 bxa5 23. Rxa5 Ke7 24. Ra7 Rc7 25. Ba6 Kd6 26. Rxb7 Rxb7 27. Bxb7 e5 28. dxe5+ Bxe5 29. Be4 f5 30. Rd1+ Ke7 31. Bd5 Bf7 32. Bxf7 Kxf7 33. Rd5 Ke6 34. Rc5 g5 35. Rxc4 f4 36. f3 Kf5 37. Rc5 h5 38. Rxe5+ Kxe5 39. Kf2 Kd5 40. Ke2 Kc4 41. Kd2 h4 42. Kc2 Kc5 43. Kd3 Kd5 44. b4 Ke5 45. c4 g4 46. hxg4 Kd6 47. Ke4 Kc6 48. Kxf4 Kb6 49. g5 h3 50. gxh3 1-0


[Site "https://www.chess.com"]

[Event "Titled Tuesday Blitz July 13 2021"]
[White "Rottenwohrer Suarez, Juan"]
[Black "Sonis, Francesco"]
[WhiteFideId "32068182"]
[BlackFideId "895733"]
[WhiteElo "2158"]
[BlackElo "2373"]
[Result "1-0"]
[Round "02"]
[TimeControl "180+1"]
[Date "2021.07.13"]
[WhiteClock "0:00:11"]
[BlackClock "0:01:38"]

1. d4 d5 2. c4 c6 3. Nf3 Nf6 4. Nc3 e6 5. Bg5 h6 6. Bxf6 Qxf6 7. e3 g6 8. Bd3 Bg7 9. O-O Nd7 10. e4 dxe4 11. Nxe4 Qe7 12. Re1 O-O 13. Qc2 b6 14. Rad1 Bb7 15. c5 Rad8 16. b4 Nf6 17. Nd6 Rxd6 18. cxd6 Qxd6 19. a3 Ra8 20. Ne5 a5 21. bxa5 b5 22. Qc5 Qxc5 23. dxc5 Rxa5 24. Be4 Nxe4 25. Rxe4 Rxa3 26. f4 Bf8 27. Rd8 Ra8 28. Rxa8 Bxa8 29. Nd7 Be7 30. Re2 Bb7 31. Ra2 Kg7 32. Kf1 Bc8 33. Nb6 Bxc5 34. Nxc8 b4 35. Rc2 Bd4 36. Rxc6 b3 37. Rc1 Kf6 38. Nd6 Ke7 39. Nc4 Kf6 40. Rb1 Kf5 41. Rxb3 Kxf4 42. Rf3+ Ke4 43. Rxf7 Kd5 44. Nd2 e5 45. Nf3 Bc3 46. Rh7 h5 47. Rh6 e4 48. Nh4 g5 49. Rxh5 Bf6 50. g3 Kd4 51. Ng2 Kd3 52. Rh6 Bb2 53. Rd6+ Kc4 54. h4 gxh4 55. gxh4 Kc5 56. Rd7 Kc6 57. Rd1 Bg7 58. Ke2 Bh6 59. h5 Kc5 60. Ne3 Bf4 61. Nf5 Kc6 62. h6 1-0


[Site "https://www.chess.com"]

[Event "Titled Tuesday Blitz July 13 2021"]
[White "Sadovsky, Artem"]
[Black "Abdusattorov, Nodirbek"]
[WhiteFideId "4155840"]
[BlackFideId "14204118"]
[WhiteElo "2442"]
[BlackElo "2662"]
[Result "1/2-1/2"]
[Round "02"]
[TimeControl "180+1"]
[Date "2021.07.13"]
[WhiteClock "0:00:28"]
[BlackClock "0:00:56"]

1. Nf3 Nf6 2. g3 c5 3. Bg2 Nc6 4. O-O e5 5. d3 d5 6. e4 d4 7. a4 Be7 8. Na3 O-O 9. Nc4 Qc7 10. Nh4 Be6 11. b3 a6 12. f4 b5 13. Nxe5 Nxe5 14. fxe5 Ng4 15. Nf5 Nxe5 16. Bf4 f6 17. Bxe5 fxe5 18. axb5 axb5 19. Rxa8 Rxa8 20. Qg4 Bxf5 21. exf5 Rf8 22. Bd5+ Kh8 23. Ra1 Qd8 24. Be4 Qd7 25. Ra6 g6 26. Re6 Rf6 27. Rxe5 Kg7 28. Re6 Rxe6 29. fxe6 Qd6 30. Kg2 Qe5 31. h4 Bd6 32. h5 g5 33. h6+ Kf6 34. Bxh7 Qxe6 35. Qxe6+ Kxe6 36. Be4 g4 37. h7 Be5 38. Bc6 b4 39. Bb7 Kf5 40. Bc8+ Kg5 41. Be6 Bf6 42. Bd7 Be5 43. Kf2 Kh6 44. Bxg4 Kxh7 45. Kf3 Kg6 46. Ke4 Bxg3 47. Kd5 Be1 48. Kxc5 Kg5 49. Be6 Bc3 50. Kc4 Kf4 51. Bd7 Ke5 52. Bb5 Kd6 53. Ba4 Ke6 54. Bb5 Ke5 55. Ba4 Kf4 56. Bb5 Ke3 57. Ba4 Kd2 58. Bb5 Kc1 59. Ba4 Kxc2 60. Bb5 Kb2 61. Ba4 Ka2 62. Bb5 Ka3 63. Ba4 Kb2 64. Bb5 Kc2 65. Ba4 Kd2 66. Bb5 Bb2 67. Ba4 Ba3 68. Bb5 Bb2 69. Ba4 Bc3 70. Bb5 Ke3 71. Ba4 Kf4 72. Bb5 Ke5 73. Ba4 Kd6 74. Bb5 Kc7 75. Ba4 Kb6 76. Bb5 Bd2 77. Ba4 Bc3 78. Bb5 Bd2 79. Ba4 Bc3 1/2-1/2


[Site "https://www.chess.com"]

[Event "Titled Tuesday Blitz July 13 2021"]
[White "Seul, Georg"]
[Black "Chiu, Isaac"]
[WhiteFideId "4601653"]
[BlackFideId "30900654"]
[WhiteElo "2332"]
[BlackElo "2117"]
[Result "0-1"]
[Round "02"]
[TimeControl "180+1"]
[Date "2021.07.13"]
[WhiteClock "0:00:01"]
[BlackClock "0:00:33"]

1. e4 g6 2. d4 Bg7 3. Nf3 d6 4. c3 Nf6 5. Bd3 O-O 6. O-O Nc6 7. h3 e5 8. Re1 Re8 9. Bg5 h6 10. Bh4 g5 11. Bg3 exd4 12. cxd4 g4 13. hxg4 Bxg4 14. d5 Nd4 15. Nbd2 Nh5 16. Bh2 Qf6 17. Re3 Nf4 18. Bf1 h5 19. Qa4 Nxf3+ 20. Nxf3 Bh6 21. Rae1 Ng6 22. Rb3 b6 23. Nd4 Ne5 24. Nc6 Bd7 25. Bb5 a6 26. Bf1 Kh7 27. Bxe5 Rxe5 28. Qc4 Rg5 29. Nd4 Rc8 30. Nf5 Rg4 31. Qc2 Bxf5 32. exf5 Bf4 33. Rc3 Rcg8 34. Rxc7 h4 35. Rc3 Kh6 36. Rh3 Be5 37. b3 a5 38. Qd3 R8g5 0-1


[Site "https://www.chess.com"]

[Event "Titled Tuesday Blitz July 13 2021"]
[White "Shafigullina, Zarina"]
[Black "Alavkin, Arseny"]
[WhiteFideId "24174220"]
[BlackFideId "4120612"]
[WhiteElo "2087"]
[BlackElo "2401"]
[Result "0-1"]
[Round "02"]
[TimeControl "180+1"]
[Date "2021.07.13"]
[WhiteClock "0:02:12"]
[BlackClock "0:02:42"]

1. d4 Nf6 2. Nf3 g6 3. g3 Bg7 4. Bg2 O-O 5. O-O d6 6. c4 Nc6 7. Nc3 Bf5 8. Nh4 Bd7 9. d5 Na5 10. Qd3 c5 11. b3 a6 12. Rb1 Rb8 13. Bb2 b5 14. h3 bxc4 15. bxc4 Rb4 16. Ba3 Rxc4 17. e4 Qc8 18. Kh2 Rxc3 0-1


[Site "https://www.chess.com"]